Map: Arctic Dream LE

Players

qqq - Winner!

  • Race: Zerg Zerg
  • League: Platinum
  • Spawn Location: 11:00

Massa - Winner!

  • Race: Terran Terran
  • League: Gold
  • Spawn Location: 12:00

cracked

  • Race: Protoss Protoss
  • Spawn Location: 6:00

Debe

  • Race: Zerg Zerg
  • Spawn Location: 5:00

VOD

Have the link to the VOD?

Description

Time

  • Played on: May 28, 2020, 4:07 p.m.
  • Length: 5:15
Show
View Real Time Build Order
Export as new Build Order

qqq Zerg - Winner!

Build Orders: Hatch First 

Get SALT Encoding   

  12  0:02  Drone  
  13  0:08  Drone  
  14  0:35  Hatchery  
  13  0:43  Drone  
  13  0:48  Overlord  
  14  1:02  Spawning Pool  
  13  1:06  Drone  
  13  1:07  Extractor  
  13  1:12  Drone  
  13  1:16  Drone  
  15  1:20  Drone  
  16  1:30  Drone  
  17  1:42  Drone  
  18  1:51  Queen  
  18  1:53  Queen  
  22  1:56  Drone  
  22  2:00  Drone  
  24  2:07  Overlord  
  24  2:14  Drone  
  25  2:17  Drone  
  26  2:23  Drone  
  26  2:25  Zergling x2  
  26  2:27  Metabolic Boost  
  28  2:36  Zergling x2, Baneling Nest  
  28  2:39  Zergling x2  
  29  2:45  Overlord  
  29  2:47  Zergling x2  
  29  2:49  Zergling x2  
  31  2:56  Zergling x4  
  33  3:00  Zergling x2  
  33  3:03  Overlord  
  34  3:08  Zergling x2  
  34  3:10  Zergling x2  
  36  3:14  Drone x2  
  36  3:19  Zergling x2  
  39  3:23  Baneling x4  
  39  3:26  Drone  
  40  3:27  Drone  
  40  3:31  Zergling x2  
  42  3:35  Drone  
  42  3:37  Baneling x3  
  43  3:52  Zergling x6  
  46  3:56  Zergling x6  
  46  4:00  Roach Warren  
  48  4:03  Zergling x2  
  48  4:04  Zergling x2  
  50  4:14  Zergling x2  
  50  4:15  Zergling x2  
  52  4:23  Overlord  
Show
View Real Time Build Order
Export as new Build Order

Massa Terran - Winner!

Build Orders:  

Get SALT Encoding   

  12  0:12  Supply Depot  
  12  0:14  SCV  
  13  0:26  SCV  
  14  0:37  Barracks  
  14  0:40  SCV  
  15  0:51  Supply Depot  
  15  0:52  SCV  
  16  1:04  SCV  
  17  1:23  SCV  
  17  1:24  Marine  
  19  1:31  Refinery  
  19  1:36  Orbital Command  
  19  1:42  Marine  
  20  1:51  Barracks  
  20  2:00  Marine  
  21  2:05  SCV  
  22  2:18  SCV, Marine  
  24  2:27  Barracks  
  24  2:30  SCV  
  24  2:31  Barracks  
  24  2:36  Marine  
  26  2:40  Supply Depot  
  25  2:53  Marine  
  25  2:57  Factory  
  26  2:59  SCV  
  26  3:01  Marine  
  28  3:11  Marine  
  29  3:13  Supply Depot  
  29  3:17  Supply Depot  
  29  3:19  Marine  
  30  3:21  Supply Depot  
  30  3:22  Marine  
  30  3:23  Marine  
  32  3:29  Marine  
  33  3:37  Marine  
  33  3:40  Marine x2  
  33  3:41  Factory Tech Lab  
  36  3:47  Marine  
  37  3:55  Marine  
  38  3:58  Marine x2  
  40  4:03  Siege Tank  
  40  4:05  Marine  
  44  4:13  Marine  
  44  4:16  Marine x2  
  47  4:23  Marine, Command Center  
  48  4:25  SCV  
  48  4:31  Marine  
  50  4:33  Marine  
Show
View Real Time Build Order
Export as new Build Order

cracked Protoss 

Build Orders:  

Get SALT Encoding   

  12  0:01  Probe  
  13  0:13  Probe  
  14  0:22  Pylon  
  14  0:25  Probe  
  15  0:40  Probe  
  16  0:45  Gateway  
  16  0:52  Probe  
  17  1:01  Gateway  
  17  1:04  Probe  
  17  1:08  Assimilator  
  18  1:13  Assimilator  
  18  1:16  Probe  
  19  1:25  Pylon  
  19  1:28  Probe  
  20  1:41  Probe  
  21  1:48  Cybernetics Core  
  21  1:53  Probe  
  22  2:03  Nexus  
  22  2:09  Zealot  
  24  2:24  Stalker  
  24  2:25  Probe  
  27  2:36  Pylon  
  27  2:37  Zealot  
  29  2:54  Warp Gate  
  29  2:55  Zealot  
  29  2:56  Probe  
  32  3:12  Twilight Council  
  32  3:15  Pylon  
  32  3:26  Zealot x2, Robotics Facility  
  36  3:32  Probe (Chrono Boost)  
  37  3:34  Probe (Chrono Boost)  
  38  3:44  Probe (Chrono Boost)  
  38  3:45  Probe (Chrono Boost)  
  40  4:01  Zealot x2  
  44  4:06  Gateway  
  44  4:07  Probe (Chrono Boost)  
  45  4:15  Probe (Chrono Boost)  
  47  4:18  Probe (Chrono Boost)  
  47  4:23  Warp Prism  
  45  4:46  Zealot  
  45  4:47  Zealot  
  33  5:02  Zealot  
Show
View Real Time Build Order
Export as new Build Order

Debe Zerg 

Build Orders: Hatch First 

Get SALT Encoding   

  12  0:01  Drone  
  13  0:08  Drone  
  14  0:17  Overlord  
  14  0:36  Drone x3  
  17  0:54  Hatchery  
  17  0:56  Drone  
  17  0:58  Drone  
  18  1:14  Spawning Pool  
  18  1:17  Drone, Extractor  
  17  1:20  Drone  
  18  1:30  Drone  
  19  1:42  Overlord  
  19  2:00  Queen  
  21  2:03  Zergling x4  
  21  2:06  Queen  
  21  2:07  Drone  
  26  2:14  Drone  
  27  2:18  Metabolic Boost  
  27  2:35  Zergling x4  
  27  2:36  Zergling x4  
  31  2:40  Drone  
  32  2:45  Queen  
  32  2:47  Drone  
  35  2:51  Drone  
  36  2:59  Overlord  
  36  3:04  Overlord  
  36  3:22  Roach Warren  
  36  3:26  Drone  
  36  3:27  Zergling x2  
  36  3:28  Zergling x12  
  43  3:41  Overlord x2  
  43  3:49  Extractor  
  43  3:55  Drone  
  43  3:59  Drone x3  
  46  4:05  Drone x5  
  46  4:09  Lair  
  51  4:16  Drone x2  
  42  4:53  Zergling x2  
  42  4:54  Zergling x14  
Tags
 
Add a new tag
Caveats
  • Supply blocks, unpowered buildings, or Contaminate may cause inaccurate times.
  • Supply counts are checked every 10 seconds.